 Dungeon Crawl Stone Soup version 0.25-a0-265-g7af84ae (webtiles) character file.

Game seed: 9486272074134121485, levelgen mode: deterministic

8470 Birdy the Grappler (level 11, -9/141 HPs)
             Began as a Purple Draconian Hunter on Dec 8, 2019.
             Was a Priest of Sif Muna.
             Mangled by a troll (10 damage)
             ... on level 10 of the Dungeon.
             The game lasted 00:32:49 (10502 turns).

Birdy the Grappler (Purple Draconian Hunter)       Turns: 10502, Time: 00:32:50

Health: -9/141     AC:  9    Str: 23    XL:     11   Next: 10%
Magic:  11/11      EV: 15    Int: 12    God:    Sif Muna [***...]
Gold:   397        SH:  0    Dex: 12    Spells: 10/10 levels left

rFire    + . .     SeeInvis .     - Unarmed
rCold    + . .     Gourm    .   (no shield)
rNeg     . . .     Faith    .   (armour unavailable)
rPois    +         Spirit   .   v - +0 hat
rElec    .         Reflect  .   s - +0 cloak
rCorr    .         Harm     .   C - +0 pair of gloves
MR       ++...                  (no boots)
Stlth    ..........             (no amulet)
HPRegen  0.33/turn              A - +3 ring of strength
MPRegen  0.12/turn              p - ring "Uhohaaxi" {rPois rF+ rC+ MR+}

@: berserking, short of breath, very quick
A: breathe power, unfitting armour, low mp 1, mutation resistance 1, weak 1,
cold-blooded, AC +7
a: Breathe Dispelling Energy, Channel Magic, Forget Spell, Renounce Religion


You were on level 10 of the Dungeon.
You worshipped Sif Muna.
Sif Muna was most pleased with you.
You were not hungry.

You visited 2 branches of the dungeon, and saw 11 of its levels.

You collected 1031 gold pieces.
You spent 634 gold pieces at shops.

Inventory:

Hand Weapons
 a - a +2 hand crossbow
Missiles
 c - 19 bolts
Armour
 s - a +0 cloak (worn)
 v - a +0 hat (worn)
 C - a +0 pair of gloves (worn)
Jewellery
 f - an uncursed ring of positive energy
 h - an uncursed ring of resist corrosion {unknown}
 p - the ring "Uhohaaxi" (right hand) {rPois rF+ rC+ MR+}
   (You bought it in a shop on level 8 of the Dungeon)

   [ring of protection from fire]

   It protects you from fire.
   It protects you from cold.
   It protects you from poison.
   It affects your resistance to hostile enchantments.
 A - a +3 ring of strength (left hand)
Wands
 e - a wand of polymorph (1)
 m - a wand of iceblast (11)
 D - a wand of paralysis (18)
 J - a wand of acid (5)
Scrolls
 g - 4 scrolls of remove curse
 l - 2 scrolls of enchant weapon
 o - 9 scrolls of teleportation
 q - 7 scrolls of amnesia
 t - 2 scrolls of blinking
 w - a scroll of fear {unknown}
 y - a scroll of magic mapping {unknown}
 E - a scroll of fog {unknown}
Potions
 b - 3 potions of magic
 i - a potion of might
 k - 3 potions of resistance
 n - 2 potions of lignification
 r - 2 potions of haste
 u - 5 potions of curing
 x - 3 potions of flight
 z - a potion of ambrosia
 F - a potion of heal wounds {unknown}
 G - 2 potions of brilliance {unknown}
Comestibles
 d - 9 rations


   Skills:
 + Level 7.9 Fighting
 * Level 9.9 Crossbows
 + Level 6.5 Dodging
 - Level 0.8 Stealth
 * Level 9.9 Unarmed Combat
 - Level 2.1 Invocations


You had 10 spell levels left.
You didn't know any spells.
Your spell library contained the following spells:

 Spells                   Type           Power        Failure   Level  Hunger
 Corona                   Hex            #......      32%         1    ##.....
 Ensorcelled Hibernation  Hex/Ice        #.....       45%         2    ###....
 Confuse                  Hex            #.......     69%         3    ####...
 Dazzling Flash           Conj/Hex       #.....       69%         3    ####...
 Tukima's Dance           Hex            #.......     69%         3    ####...


Dungeon Overview and Level Annotations

Branches:
Dungeon (10/15)            Temple (1/1) D:4
   Lair: D:8-11         Orc: D:9-12

Altars:
Ashenzari
Cheibriados
Dithmenos
Elyvilon
Gozag
Hepliaklqana
Makhleb
Okawaru
Qazlal
Ru
Sif Muna
Uskayaw
Vehumet
Wu Jian
Xom
Yredelemnul
The Shining One

Shops:
D:5 ?   D:7 ?[[%!   D:8 =   D:10 !


Innate Abilities, Weirdness & Mutations

You can breathe bolts of dispelling energy.
Your rich purple scales are hard. (AC +7)
You cannot fit into any form of body armour.
You are cold-blooded and may be slowed by cold attacks.
Your magical capacity is low. (-10% MP)
You are somewhat resistant to further mutation.
You are weak. (Str -2)


Message History

The troll bites you but does no damage. The troll claws you.
The troll claws you!
You barely miss the troll.
Your tail-slap misses the troll.
The troll is almost dead.
The troll bites you! The troll claws you!
* * * LOW HITPOINT WARNING * * *
The troll claws you!
* * * LOW HITPOINT WARNING * * *
A red film seems to cover your vision as you go berserk!
You feel yourself moving faster!
You feel mighty! The troll bites you!!
* * * LOW HITPOINT WARNING * * *
The troll closely misses you. The troll claws you.
* * * LOW HITPOINT WARNING * * *
Unknown command.
You closely miss the troll.
The troll is almost dead.
You hit the troll but do no damage.
The troll is almost dead.
The troll bites you!
You die...

.88≈≈≈≈≈88..## #.
####≈≈≈≈##### #.
#####≈≈≈≈≈# #.
#...#≈≈≈≈≈# ###
+...##≈≈≈≈## #..
#...##≈≈≈≈≈# #..
#...##≈≈≈≈≈#######..
(#.###...##[≈≈≈≈......###
((.(..(T@...≈≈≈≈.####.# #
#.####.....≈≈≈≈.# #.# #
#.....##≈≈≈≈≈.# #.# #
#.###.##≈≈≈≈≈.####(###
#.#.#.##≈≈≈≈....##....
#......≈≈≈≈≈..#.######
###....≈≈≈≈≈..#.# #
#.#.≈≈≈≈≈..)#.#
...#.≈≈≈≈≈.....#


You could see a troll.

Vanquished Creatures
  Gastronok (D:10)
  A two-headed ogre (D:8)
  A gargoyle (D:10)
  Prince Ribbit (D:9)
  A hippogriff (D:9)
  Sigmund (D:2)
  A yak (D:9)
  2 hungry ghosts
  3 orc warriors (D:8)
  A black bear (D:9)
  5 sky beasts
  3 necrophages
  4 ice beasts
  An ogre (D:5)
  5 centaurs
  3 phantoms
  2 big kobolds
  4 bullfrogs
  3 scorpions
  A water moccasin skeleton (D:9)
  A killer bee (D:8)
  12 wights
  3 howler monkeys
  6 crimson imps
  A centaur zombie (D:4)
  A quasit (D:9)
  3 bullfrog skeletons
  4 hounds
  7 orc priests
  2 jellies
  8 orc wizards
  Jessica (D:2)
  2 iguanas (D:7)
  4 worker ants
  Ijyb (D:5)
  Natasha (thrice) (D:3)
  A killer bee zombie (D:8)
  A hound skeleton (D:9)
  A worker ant zombie (D:9)
  A howler monkey zombie (D:8)
  A howler monkey skeleton (D:8)
  7 gnolls
  13 adders
  3 shadow imps
  2 oozes
  An adder skeleton (D:4)
  An adder zombie (D:7)
  4 worms
  2 dart slugs
  3 leopard geckos
  20 orcs
  A ball python (D:2)
  8 giant cockroaches
  7 goblins
  5 hobgoblins
  17 jackals
  14 kobolds
  4 quokkas
  6 bats
  2 frilled lizards (D:1)
  A leopard gecko skeleton (D:7)
  A leopard gecko zombie (D:9)
  A quokka skeleton (D:5)
  8 rats
239 creatures vanquished.

Notes
Turn   | Place    | Note
-------+----------+-------------------------------------------
     0 | D:1      | Birdy the Draconian Hunter began the quest for the Orb.
     0 | D:1      | Reached XP level 1. HP: 17/17 MP: 1/1
   184 | D:1      | Reached XP level 2. HP: 25/25 MP: 2/2
   237 | D:1      | Reached skill level 1 in Unarmed Combat
   921 | D:2      | Reached XP level 3. HP: 27/30 MP: 3/3
   957 | D:2      | Found a sacrificial altar of Ru.
  1054 | D:2      | Reached XP level 4. HP: 34/37 MP: 4/4
  1056 | D:2      | Noticed Sigmund
  1094 | D:2      | HP: 1/37 [Sigmund/magic dart (3)]
  1426 | D:2      | Killed Sigmund
  1426 | D:2      | Reached XP level 5. HP: 45/45 MP: 5/5
  1490 | D:2      | Found a faded altar of an unknown god.
  1497 | D:2      | Reached XP level 6. HP: 51/51 MP: 6/6
  1624 | D:2      | Noticed Jessica
  1727 | D:2      | Killed Jessica
  1789 | D:2      | Found a snail-covered altar of Cheibriados.
  2047 | D:2      | Found a hazy altar of Hepliaklqana.
  2154 | D:3      | Noticed a hungry ghost
  2180 | D:3      | Killed a hungry ghost
  2180 | D:3      | Reached skill level 5 in Crossbows
  2228 | D:3      | Found an ornate altar of the Wu Jian Council.
  2703 | D:3      | Noticed Natasha
  2708 | D:3      | Killed Natasha
  2708 | D:3      | Your scales start taking on a rich purple colour.
  2708 | D:3      | Reached XP level 7. HP: 58/58 MP: 7/7
  2712 | D:3      | Noticed Natasha
  2731 | D:3      | Killed Natasha
  2837 | D:3      | Noticed Natasha
  2851 | D:3      | Killed Natasha
  3818 | D:4      | Found a staircase to the Ecumenical Temple.
  3934 | Temple   | Entered the Ecumenical Temple
  4007 | Temple   | Became a worshipper of Sif Muna the Loreminder
  4341 | D:5      | Entered Level 5 of the Dungeon
  4353 | D:4      | Reached skill level 5 in Unarmed Combat
  4720 | D:5      | Reached XP level 8. HP: 65/67 MP: 8/8
  5104 | D:5      | Found an opulent altar of Gozag.
  5106 | D:5      | Noticed Ijyb
  5118 | D:5      | Killed Ijyb
  5400 | D:5      | Reached skill level 5 in Fighting
  5559 | D:5      | Found Coido's Magic Scroll Shoppe.
  6647 | D:6      | Found a hide-covered altar of Uskayaw.
  6789 | D:7      | Found Hautzeka's Magic Scroll Shoppe.
  6814 | D:7      | Found Ovamamoi's Antique Armour Shoppe.
  6817 | D:7      | Reached XP level 9. HP: 67/74 MP: 9/9
  6852 | D:7      | Reached * piety under Sif Muna
  6854 | D:7      | Found Wipil's Food Boutique.
  6985 | D:7      | Found Wyeruipu's Distillery.
  7318 | D:7      | Found Exoyleig's Antique Armour Boutique.
  7408 | D:7      | Found a burning altar of Makhleb.
  7408 | D:7      | Noticed a cacodemon
  7455 | D:7      | Reached skill level 5 in Dodging
  7748 | D:8      | Reached ** piety under Sif Muna
  8400 | D:8      | Found Zawuscha's Jewellery Boutique.
  8531 | D:8      | Reached skill level 1 in Invocations
  8673 | D:8      | Noticed a two-headed ogre
  8685 | D:8      | Killed a two-headed ogre
  8685 | D:8      | Reached XP level 10. HP: 70/84 MP: 11/11
  8972 | D:8      | Bought the ring "Uhohaaxi" {rPois rF+ rC+ MR+} for 634 gold
                  | pieces
  9077 | D:9      | Reached *** piety under Sif Muna
  9746 | D:9      | Gained mutation: Your magical capacity is low. (-10% MP)
                  | [potion of mutation]
  9746 | D:9      | Gained mutation: You are weak. (Str -2) [potion of
                  | mutation]
  9746 | D:9      | Gained mutation: You are somewhat resistant to further
                  | mutation. [potion of mutation]
  9829 | D:9      | Found a basalt altar of Yredelemnul.
  9885 | D:9      | Noticed Prince Ribbit
  9906 | D:9      | Killed Prince Ribbit
 10112 | D:10     | Entered Level 10 of the Dungeon
 10226 | D:10     | Noticed Gastronok
 10235 | D:10     | Killed Gastronok
 10235 | D:10     | Reached XP level 11. HP: 73/94 MP: 11/11
 10417 | D:10     | Found Jeip's Distillery.
 10500 | D:10     | HP: 4/141 [troll (19)]
 10500 | D:10     | HP: 1/141 [troll (3)]
 10502 | D:10     | Mangled by a troll

Levels and vault maps discovered:
D:1:      psy_arrival_basics, layout_basic
D:2:      layout_loops_ring, overflow_temple_1_default, cheibriados_altar_1,
          hangedman_ru_absence, chequers_ecumenical_altar_simple,
          kennysheep_generic_room_8, uniq_sigmund, uniq_jessica
D:3:      kennysheep_big_flooded_room, layout_basic, overflow_temple_1_default,
          minmay_misc_feat_encased, uniq_natasha
D:4:      layout_loops_ring, minmay_temple_entry_large_hall
D:5:      layout_cave_pools, first_ration, serial_shops, kennysheep_mini,
          nicolae_gozag_cash_rules_everything_around_me, uniq_ijyb
D:6:      layout_gridville, eat_drink_and_be_merry_uskayaw
D:7:      layout_loops_ring, serial_shops, nicolae_shop_trees, shop_scrolls,
          shop, shop, shop, minmay_misc_feat_nine_boxes,
          makhleb_altar_promises_db
D:8:      minmay_polygon_palace, layout_basic, serial_shops,
          kennysheep_little_box
D:9:      minmay_recursive_quarters, layout_basic,
          nicolae_overflow_crystal_walls, uniq_prince_ribbit1
D:10:     wander_river, layout_basic, serial_shops, shop, uniq_gastronok,
          uniq_urug
Temple:   eino_temple_rhombus

Skill      XL: |  1  2  3  4  5  6  7  8  9 10 |
---------------+-------------------------------+-----
Unarmed Combat | 1 3 4 5 6 8 9 |  9.9
Dodging        | 2 3 4 5 6 |  6.5
Crossbows      | 4 5 6 7 8 9 |  9.9
Fighting       | 3 4 5 6 7 |  7.9
Invocations    | 2 |  2.1
Stealth        | |  0.8

Action                   |  1- 3 |  4- 6 |  7- 9 | 10-12 || total
-------------------------+-------+-------+-------+-------++-------
Melee: Unarmed           |    41 |    39 |   239 |   163 ||   482
       Tailslap          |     2 |     2 |    26 |    24 ||    54
       Punch             |       |       |     6 |     8 ||    14
 Fire: Hand crossbow     |    44 |    77 |   270 |    91 ||   482
 Abil: Breathe Dispellin |       |       |    19 |    11 ||    30
Evoke: Wand              |       |       |     1 |     2 ||     3
  Use: Potion            |     1 |       |       |     2 ||     3
       Scroll            |       |     6 |     9 |     3 ||    18
 Stab: Sleeping          |       |       |     1 |     1 ||     2
  Eat: Ration            |       |     3 |     2 |     3 ||     8
       Chunk             |       |     3 |    14 |     6 ||    23
Armor: Skin              |    21 |    15 |    94 |    39 ||   169
Dodge: Dodged            |    38 |    36 |   169 |   141 ||   384

Table legend:
 A = Non-vault XP
 B = Vault XP
 C = Vault XP percentage of total XP
 D = Non-vault monster count
 E = Vault monster count
 F = Vault count percentage of total count
                 A         B        C        D         E       F
            +---------+---------+-------+---------+---------+-------
      Total |    7779 |    4322 |  35.7 |     210 |      29 |  12.1
            +---------+---------+-------+---------+---------+-------
        D:1 |      40 |       0 |   0.0 |      22 |       0 |   0.0
        D:2 |     139 |     260 |  65.2 |      31 |       2 |   6.1
        D:3 |     355 |      47 |  11.7 |      17 |       3 |  15.0
        D:4 |     498 |       0 |   0.0 |      17 |       0 |   0.0
        D:5 |     644 |      33 |   4.9 |      19 |       1 |   5.0
        D:6 |     682 |       0 |   0.0 |      18 |       0 |   0.0
        D:7 |    1178 |       0 |   0.0 |      26 |       0 |   0.0
        D:8 |    2051 |     547 |  21.1 |      27 |      10 |  27.0
        D:9 |    1528 |    1138 |  42.7 |      27 |      12 |  30.8
       D:10 |     664 |    2297 |  77.6 |       6 |       1 |  14.3
            +---------+---------+-------+---------+---------+-------
